 Dungeon Crawl Stone Soup version 0.31.0-9-g3a7656b989 (webtiles) character file.

Game seed: 6232430126383926127

140 qw the Ducker (level 5, 0/26 HPs)
             Began as a Spriggan Hunter on Feb 2, 2024.
             Succumbed to a scorpion's poison
             ... on level 4 of the Dungeon.
             The game lasted 00:00:07 (2417 turns).

qw the Ducker (Spriggan Hunter)                     Turns: 2417, Time: 00:00:07

Health: 0/26       AC:  2    Str:  7    XL:     5   Next: 2%
Magic:  6/6        EV: 20    Int: 11    God:
Gold:   86         SH:  0    Dex: 20    Spells: 4/4 levels left

rFire   . . .        a - +0 shortbow (heavy)
rCold   . . .        (shield currently unavailable)
rNeg    . . .        c - +0 robe
rPois   .            (helmet restricted)
rElec   .            (no cloak)
rCorr   .            (gloves unavailable)
SInv    +            (boots unavailable)
Will    .....        (no amulet)
Stlth   ++           (no ring)
HPRegen 0.24/turn    (no ring)
MPRegen 0.10/turn

%: no passive effects
@: lethally poisoned (0 -> -1), very quick
A: very small, no large weapons, unfitting armour, see invisible, speed 3
a: no special abilities


You were on level 4 of the Dungeon.
You visited 1 branch of the dungeon, and saw 4 of its levels.

You collected 86 gold pieces.


Innate Abilities, Weirdness & Mutations

You are very small and have problems with some larger weapons.
You are too small for most types of armour.
You have supernaturally acute eyesight. (SInv)
You cover ground extremely quickly. (Speed+++)


   Skills:
 - Level 2.2 Fighting
 + Level 5.0 Ranged Weapons
 - Level 5.1 Dodging
 - Level 1.5 Stealth


You had 4 spell levels left.
You didn't know any spells.
Your spell library was empty.

Inventory:

Hand Weapons
 a - a +0 heavy shortbow (weapon)
Armour
 c - a +0 robe (worn)
Potions
 e - a potion of lignification {unknown}

Dungeon Overview and Level Annotations

Branches:
Dungeon (4/15)
 Temple: D:4-7

Altars:
Dithmenos
Xom

Shops:
D:4 (


Message History

You shoot an arrow.
The arrow closely misses the gnoll bouda.
Your attacks no longer feel as feeble.
You shoot an arrow. The arrow hits the gnoll bouda.
The gnoll bouda is moderately wounded.
You shoot an arrow. The arrow hits the gnoll bouda!!
You kill the gnoll bouda!
Your Fighting skill increases to level 2!
You have reached level 5!
You feel clever.
You shoot an arrow. The arrow barely misses the scorpion.
The scorpion barely misses you. The scorpion stings you.
You are poisoned.
The scorpion poisons you!
You shoot an arrow. The arrow hits the scorpion.
The scorpion is moderately wounded.
You feel very sick. The scorpion closely misses you.
The scorpion barely misses you. The orc barely misses you.
You shoot an arrow.
The arrow hits the scorpion but does no damage.
The scorpion is moderately wounded.
You feel very sick. The scorpion completely misses you.
The orc closely misses you. The scorpion stings you. The orc misses you.
2413 ||| READING scroll of teleportation.
As you read the scroll of teleportation, it crumbles to dust.
You feel strangely unstable.
You feel sick. The scorpion closely misses you.
The orc hits you with a +0 whip.
You shoot an arrow.
The arrow completely misses the scorpion.
You feel sick. The scorpion closely misses you. The orc barely misses you.
The scorpion barely misses you.
You shoot an arrow. The arrow hits the scorpion.
The scorpion is heavily wounded.
Your surroundings suddenly seem different.
You feel sick.
There is a lethal amount of poison in your body!
You feel sick.
There is a lethal amount of poison in your body!
You die...

....########.## #..###...........
>............####..#......<#####.
#.#####.#.#..##............# #.
#.# ##.#.#........#.......# #)
#.####....#...#.##.###....## #.
#............>#.##.# #....# ##
######....#.#.#.##.####.#.#
##.#.#..#..#...###.#.#
#.#...###.@.......#.#
#.#.#..#..#.>.#####.#####
#.#.#.....##..# #.....# #
#.#.#.....##..# #####.# #
#.#.##...###..#########.# #
#.#.###.## #..).........#
#######.#.###.####..#########.# #
...............<......# #.###
#####...#####.####..#.#######.##.


There were no monsters in sight!

Vanquished Creatures
  A gnoll bouda (D:4)
  An iguana (D:4)
  2 adders (D:2)
  3 dart slugs
  2 ribbon worms (D:2)
  7 endoplasms
  A goblin (D:1)
  8 hobgoblins
  4 jackals
  A quokka (D:3)
  7 ball pythons
  3 bats
  2 frilled lizards (D:1)
  10 kobolds
  3 rats
55 creatures vanquished.

Notes
Turn   | Place    | Note
-------+----------+-------------------------------------------
     0 | D:1      | qw the Spriggan Hunter began the quest for the Orb.
     0 | D:1      | Reached XP level 1. HP: 10/10 MP: 2/2
     0 | D:1      | 0 ||| qw: Version: 0.3-a-155-g5e7d8dd
     0 | D:1      | 0 ||| qw: Game counter: 798
     0 | D:1      | 0 ||| qw: Melee chars always use a shield: true
     0 | D:1      | 0 ||| qw: God list: Okawaru
     0 | D:1      | 0 ||| qw: Allow faded altars: false
     0 | D:1      | 0 ||| qw: Do Orc after clearing Dungeon:15 true
     0 | D:1      | 0 ||| qw: Do second Lair branch before Depths: true
     0 | D:1      | 0 ||| qw: Lair rune preference: random
     0 | D:1      | 0 ||| qw: Goals: Normal
     0 | D:1      | 0 ||| PLANNING D:1-11
    20 | D:1      | Reached skill level 3 in Dodging
    80 | D:1      | Reached XP level 2. HP: 14/14 MP: 3/3
   476 | D:1      | 476 ||| READING scroll labelled BUAFU REDUWEAL.
   476 | D:1      | 476 ||| BRANDING +0 shortbow.
   477 | D:1      | 477 ||| READING scroll labelled FUEZXY IRETION.
   478 | D:1      | 478 ||| READING scroll labelled XYSENW FEKOUPRUE.
   579 | D:1      | 579 ||| READING scroll labelled JIFOMN SOEDAU.
   580 | D:1      | 580 ||| READING scroll labelled ROTUIF DOGI.
   585 | D:1      | 585 ||| READING scroll labelled JOHIOBR QINNO.
   586 | D:1      | 586 ||| DROPPING scroll of butterflies.
   609 | D:2      | Reached XP level 3. HP: 18/18 MP: 4/4
   803 | D:2      | Found a shimmering altar of Xom.
   814 | D:2      | Identified the +9 falchion of Soar {holy, rN+}
  1443 | D:2      | 1443 ||| READING scroll labelled BEGEUT CITHRA.
  1504 | D:3      | Reached XP level 4. HP: 22/22 MP: 5/5
  1553 | D:3      | Found a shadowy altar of Dithmenos.
  2104 | D:3      | 2104 ||| READING scroll labelled TORAF ESOUBUOTH.
  2104 | D:3      | 2104 ||| ENCHANTING +0 heavy shortbow.
  2105 | D:3      | 2105 ||| READING scroll labelled NADANG XYSHRUIM.
  2402 | D:4      | Found Cuekh's Antique Weapon Shoppe.
  2402 | D:4      | Noticed a scorpion
  2403 | D:4      | 2403 ||| RETREEEEATING.
  2404 | D:4      | 2404 ||| RETREEEEATING.
  2405 | D:4      | 2405 ||| RETREEEEATING.
  2406 | D:4      | 2406 ||| RETREEEEATING.
  2410 | D:4      | Reached XP level 5. HP: 26/26 MP: 6/6
  2412 | D:4      | HP: 6/26 [scorpion (6)]
  2413 | D:4      | 2413 ||| READING scroll of teleportation.
  2414 | D:4      | HP: 2/26 [poisoned by a scorpion]
  2417 | D:4      | Succumbed to a scorpion's poison

Levels and vault maps discovered:
D:1:      dpeg_arrival_stonehenge_8_columns, layout_rooms, fountainhead,
          chequers_jeans
D:2:      layout_loops_corners, basic_altar
D:3:      layout_basic, mainiacjoe_overflow_alcove_1, st_stairs_14
D:4:      layout_loops_ring, kennysheep_windowed_goal

Skill      XL: |  1  2  3  4 |
---------------+-------------+-----
Dodging        | 3 4 5 |  5.1
Ranged Weapons | 5 |  5.0
Fighting       | 2 |  2.2
Stealth        | |  1.5

Action                     |  1- 3 |  4- 6 || total
---------------------------+-------+-------++-------
   Fire: Shortbow          |    81 |    33 ||   114
    Use: Scroll            |     7 |     3 ||    10
 Armour: Robe              |     2 |     5 ||     7
  Dodge: Dodged            |    10 |    12 ||    22

Table legend:
 A = Non-vault XP
 B = Vault XP
 C = Vault XP percentage of total XP
 D = Non-vault monster count
 E = Vault monster count
 F = Vault count percentage of total count
                 A         B        C        D         E       F
            +---------+---------+-------+---------+---------+-------
      Total |     158 |      43 |  21.4 |      53 |       2 |   3.6
            +---------+---------+-------+---------+---------+-------
        D:1 |      38 |       0 |   0.0 |      21 |       0 |   0.0
        D:2 |      56 |       0 |   0.0 |      16 |       0 |   0.0
        D:3 |      18 |       2 |  10.0 |      11 |       1 |   8.3
        D:4 |      46 |      41 |  47.1 |       5 |       1 |  16.7
            +---------+---------+-------+---------+---------+-------
